AoeStats
← Rashasha

Arena

509407699Analyzed
1v1 RM · 5d ago on Sep 26, 2026· 44m 57s· 2 players
Game mode
Random Map
Map size
Tiny (2 player)
Population
200
Speed
Normal
Resources
Standard
Victory
Conquest
Starting age
Dark Age
Ending age
Imperial Age
RankedLock teamsTeams togetherTeam positionsShared explorationLock speedFull tech treeHidden civsTurbo modeCheats
Victory
Defeat
🇺🇸 Lithuanians · United States
512
+11
🇨🇴 Franks · Colombia
399
-11
DVD7418
12:31 Feudal Age
13:10 Loom
18:21 Castle Age
16:42 Double-Bit Axe
19:35 Bow Saw
21:32 Forging
21:22 Scale Mail Armor
21:28 Scale Barding Armor
21:24 Padded Archer Armor
21:14 Fletching
23:06 Wheelbarrow
22:06 Pikeman
23:44 Light Cavalry
27:33 Leather Archer Armor
27:54 Iron Casting
27:32 Squires
26:56 Elite Skirmisher
29:24 Chain Mail Armor
29:37 Gold Mining
29:39 Stone Mining
29:50 Crossbowman
31:41 Gold Shaft Mining
32:35 Man-at-Arms
33:01 Gambesons
33:44 Chain Barding Armor
33:20 Bodkin Arrow
35:13 Hand Cart
34:44 Town Watch
36:40 Husbandry
42:29 Imperial Age
Rashasha
7:57 Loom
11:02 Feudal Age
18:18 Castle Age
17:04 Double-Bit Axe
17:03 Horse Collar
19:47 Squires
19:07 Pikeman
20:47 Fervor
25:10 Stone Mining
28:36 Bow Saw
27:57 Elite Skirmisher
28:51 Heavy Plow
30:11 Bloodlines
30:01 Husbandry
31:24 Forging
31:14 Scale Mail Armor
31:19 Scale Barding Armor
31:06 Fletching
31:16 Padded Archer Armor
32:26 Wheelbarrow
35:32 Imperial Age
34:12 Hand Cart
35:09 Stone Shaft Mining
34:29 Gold Mining
35:03 Bodkin Arrow
35:23 Leather Archer Armor
35:31 Ballistics
36:07 Town Watch
36:18 Arson
37:46 Conscription
37:27 Hill Forts
39:56 Two-Man Saw
39:53 Murder Holes
40:59 Chemistry
39:42 Treadmill Crane
40:12 Fortified Wall
40:14 Masonry
40:53 Thumb Ring
40:52 Bracer
41:22 Ring Archer Armor
41:28 Iron Casting
41:08 Chain Mail Armor
41:14 Chain Barding Armor
41:40 Hoardings
40:34 Capped Ram
43:46 Cavalier
Connection lost

Rejoining the realm…

Still unreachable

The connection could not be restored.

Session expired

The server has moved on; the page needs a fresh start.